 Dungeon Crawl Stone Soup version 0.29-a0-648-g6b26cc9f40 (webtiles) character file.

Game seed: 1943659353985187892

261 wingedge the Magician (level 6, -4/45 HPs)
             Began as a Djinni Fire Elementalist on June 20, 2022.
             Splashed by a jelly's acid (9 damage)
             ... on level 4 of the Dungeon.
             The game lasted 00:13:55 (4549 turns).

wingedge the Magician (Djinni Fire Elementalist)    Turns: 4549, Time: 00:13:58

Health: -4/45      AC:  3    Str: 13    XL:     6   Next: 41%
Gold:   76         EV: 13    Int: 18    God:
                   SH:  0    Dex: 14

rFire   + + .      SeeInvis .   b - +0 dagger (holy)
rCold   x . .      Faith    .   (no shield)
rNeg    + . .      Spirit   .   a - +0 robe
rPois   ∞          Reflect  .   (no helmet)
rElec   .          Harm     .   (no cloak)
rCorr   .          Rampage  .   r - +0 pair of gloves
Will    .....                   (boots unavailable)
Stlth   ++........              (no amulet)
HPRegen 0.15/turn               B - +6 ring of strength
MPRegen 0.00/turn               c - ring of positive energy

@: flying
A: sickness immunity, fire resistance 2, cold vulnerability 1, float, innate
caster, HP casting, extra vitality 1
a: no special abilities


You were on level 4 of the Dungeon.
You visited 1 branch of the dungeon, and saw 4 of its levels.

You collected 76 gold pieces.

Inventory:

Hand Weapons
 b - a +0 dagger of holy wrath (weapon)
 y - a +0 hand crossbow
Missiles
 h - 11 poisoned darts
Armour
 a - a +0 robe (worn)
 n - a +0 ring mail
 r - a +0 pair of gloves (worn)
 t - a +1 plate armour of fire resistance
Jewellery
 c - a ring of positive energy (right hand)
 B - a +6 ring of strength (left hand)
Scrolls
 d - a scroll of poison {unknown}
 e - 3 scrolls of amnesia
 g - 3 scrolls of fear {unknown}
 i - 3 scrolls of identify {unknown}
 j - 2 scrolls of enchant weapon {unknown}
 k - a scroll of torment {unknown}
 m - a scroll of immolation {unknown}
 p - 2 scrolls of blinking {unknown}
 q - 2 scrolls of teleportation {unknown}
 s - 2 scrolls of vulnerability {unknown}
 v - 2 scrolls of enchant armour {unknown}
 A - a scroll of summoning {unknown}
Potions
 f - 2 potions of berserk rage
 l - 2 potions of brilliance {unknown}
 o - 2 potions of might {unknown}
 u - a potion of curing {unknown}
 w - a potion of haste {unknown}
 x - a potion of heal wounds {unknown}
 z - a potion of mutation {unknown}


   Skills:
 * Level 2.9 Fighting
 - Level 0.3 Short Blades
 * Level 2.2 Armour
 - Level 3.1 Dodging
 - Level 2.3 Stealth
 * Level 3.4 Spellcasting


You couldn't memorise any spells.
You knew the following spells:

 Your Spells              Type           Power      Damage    Failure   Level
a - Foxfire               Conj/Fire      60%        2x1d7     3%          1
b - Scorch                Fire           30%        2d6       6%          2
c - Conjure Flame         Conj/Fire      15%        6-21      12%         3
d - Inner Flame           Hex/Fire       15%        N/A       12%         3
e - Flame Wave            Conj/Fire      15%        2d6       36%         4
f - Beastly Appendage     Tmut           30%        N/A       3%          1
g - Ensorcelled Hibernat  Hex/Ice        30%        N/A       6%          2
Your spell library was empty.

Dungeon Overview and Level Annotations

Branches:
Dungeon (4/15)
 Temple: D:4-7

Altars:
Hepliaklqana


Innate Abilities, Weirdness & Mutations

You are immune to sickness and miasma.
You are immune to poison.
Your flesh is very heat resistant. (rF++)
You are vulnerable to cold. (rC-)
You float through the air rather than walking.
You learn spells naturally, not from books.
Your magical power is your life essence.
You have superior vitality. (+4 MHP)


Message History

Confirm with . or Enter, or press ? or * to list all spells.
Flames lash the gnoll.
You kill the gnoll!
The foxfire hits the gnoll.
The gnoll is lightly wounded.
The foxfire hits the gnoll.
The gnoll is heavily wounded.
Casting: Scorch (safe; 6% risk of failure)
Confirm with . or Enter, or press ? or * to list all spells.
Flames lash the gnoll.
You kill the gnoll!
Casting: Scorch (safe; 6% risk of failure)
Confirm with . or Enter, or press ? or * to list all spells.
Flames lash the gnoll.
The gnoll is severely wounded.
The gnoll's fire resistance burns away.
The gnoll hits you with a +0 club. The gnoll misses you. The kobold misses you.
The gnoll hits you with a +0 club!
The gnoll is no longer more vulnerable to fire.
The kobold hits you with a +0 short sword.
The gnoll barely misses you. The kobold misses you.
The gnoll hits you with a +0 club! The jelly closely misses you.
The kobold barely misses you. The gnoll barely misses you.
The jelly barely misses you.
The kobold hits you with a +0 short sword.
The gnoll hits you with a +0 club. The jelly misses you.
Casting: Scorch (safe; 6% risk of failure)
Confirm with . or Enter, or press ? or * to list all spells.
Okay, then.
As you read the scroll labelled OBAILLIKYD, it crumbles to dust.
It is a scroll of amnesia.
You feel forgetful for a moment. The kobold closely misses you.
The gnoll hits you with a +0 club.
* * * LOW HITPOINT WARNING * * *
The jelly hits you.
* * * LOW HITPOINT WARNING * * *
You are splashed with acid!
You die...

#########
#.......######
#.#####......#
#.#####...K#.##.##
#.#......@g)).....
#.#..##...J#.##.##
#.#...#.#.##... ..
#.............#...J
###....##.###.# ...
#..#.##.# .# .
#.......# ####.####
#.#


You could see a jelly, a gnoll and a kobold.

Vanquished Creatures
  A jelly (D:3)
  A hound (D:4)
  An iguana (D:4)
  5 gnolls
  6 adders
  3 worms
  2 dart slugs (D:2)
  An orc (D:4)
  10 endoplasms
  3 giant cockroaches
  9 goblins
  6 hobgoblins
  2 quokkas (D:1)
  3 ball pythons
  6 bats
  3 kobolds
  2 rats
64 creatures vanquished.

Vanquished Creatures (others)
  142 foxfires
142 creatures vanquished.

Grand Total: 206 creatures vanquished

Notes
Turn   | Place    | Note
-------+----------+-------------------------------------------
     0 | D:1      | wingedge the Djinni Fire Elementalist began the quest for
                  | the Orb.
     0 | D:1      | wingedge set off with the following spells memorised:
                  | Foxfire, Scorch, Conjure Flame, Inner Flame, Flame Wave.
     0 | D:1      | Reached XP level 1. HP: 15/15 MP: 0/0
   299 | D:1      | Reached XP level 2. HP: 13/21 MP: 0/0
   737 | D:1      | Reached XP level 3. HP: 25/25 MP: 0/0
   737 | D:1      | Learned a level 1 spell: Beastly Appendage
  1597 | D:2      | Reached skill level 1 in Fighting
  1597 | D:2      | Reached XP level 4. HP: 24/32 MP: 0/0
  1688 | D:2      | Found a hazy altar of Hepliaklqana.
  3064 | D:3      | Reached XP level 5. HP: 35/38 MP: 0/0
  3064 | D:3      | Learned a level 2 spell: Ensorcelled Hibernation
  3102 | D:3      | Reached skill level 1 in Armour
  4159 | D:4      | Reached XP level 6. HP: 30/45 MP: 0/0
  4549 | D:4      | Splashed by a jelly's acid

Illustrated notes

Levels and vault maps discovered:
D:1:      minmay_arrival_nine_rooms, layout_loops_ring, minmay_pentomino_t2
D:2:      layout_basic, basic_altar
D:3:      layout_rooms
D:4:      layout_loops_cross, mainiacjoe_overflow_tiny_flanked

Skill      XL: |  1  2  3  4  5  6 |
---------------+-------------------+-----
Stealth        | 2 |  2.3
Fighting       | 1 2 |  2.9
Dodging        | 3 |  3.1
Spellcasting   | 3 |  3.4
Armour         | 1 2 |  2.2
Short Blades   | |  0.3

Action                   |  1- 3 |  4- 6 || total
-------------------------+-------+-------++-------
Melee: Unarmed           |     5 |       ||     5
       Dagger            |    13 |    16 ||    29
 Cast: Foxfire           |    39 |    55 ||    94
       Scorch            |       |    36 ||    36
       Ensorcelled Hiber |       |     2 ||     2
  Use: Potion            |       |     1 ||     1
       Scroll            |       |     1 ||     1
 Stab: Sleeping          |     2 |       ||     2
Armor: Robe              |    10 |    10 ||    20
Dodge: Dodged            |    14 |    39 ||    53

Table legend: (Time is in decaauts)
 A = Elapsed time spent in this place.
 B = Non-inter-level travel time spent in this place.
 C = Inter-level travel time spent in this place.
 D = Time resting spent in this place.
 E = Time spent auto-exploring this place.
 F = Levels seen in this place.
 G = Mean time per level.
                   A        B        C        D        E       F      G
               +--------+--------+--------+--------+--------+-----+--------+
         Total |   4561 |   4500 |     61 |   1377 |   2449 |   4 | 1140.2 |
       Dungeon |   4561 |   4500 |     61 |   1377 |   2449 |   4 | 1140.2 |
               +--------+--------+--------+--------+--------+-----+--------+

Top non-repeatable levels by time:
     D:2: 1657 daAuts
     D:1: 1382 daAuts
     D:4: 763 daAuts
     D:3: 758 daAuts
